 Dungeon Crawl Stone Soup version 0.27.0-1-g7a089689b8 (webtiles) character file.

Game seed: 9107692532389402724

9 Gunterle the Sneak (level 2, -4/25 HPs)
             Began as a Djinni Delver on Aug 4, 2021.
             Slain by a white imp (7 damage)
             ... on level 4 of the Dungeon.
             The game lasted 00:01:18 (460 turns).

Gunterle the Sneak (Djinni Delver)                   Turns: 460, Time: 00:01:18

Health: -4/25      AC:  3    Str: 11    XL:     2   Next: 20%
Gold:   23         EV: 12    Int: 11    God:
                   SH:  0    Dex: 14

rFire    + + .     SeeInvis .   a - +0 short sword
rCold    x . .     Faith    .   (no shield)
rNeg     . . .     Spirit   .   b - +0 leather armour
rPois    ∞         Reflect  .   (no helmet)
rElec    .         Harm     .   (no cloak)
rCorr    .         Rampage  .   (no gloves)
Will     .....                  (boots unavailable)
Stlth    ++........             (no amulet)
HPRegen  0.08/turn              (no ring)
MPRegen  0.00/turn              (no ring)

@: flying
A: sickness immunity, fire resistance 2, cold vulnerability 1, float, innate
caster, hp casting, extra vitality 1
a: no special abilities


You were on level 4 of the Dungeon.
You visited 1 branch of the dungeon, and saw 3 of its levels.

You collected 23 gold pieces.

Inventory:

Hand Weapons
 a - a +0 short sword (weapon)
Missiles
 i - 16 stones (quivered)
Armour
 b - a +0 leather armour (worn)
Wands
 g - a wand of digging (3)
Scrolls
 c - a scroll of fog
 d - a scroll of magic mapping
Potions
 f - a potion of haste
 h - a potion of lignification {unknown}


   Skills:
 * Level 3.1 Fighting
 * Level 1.9 Short Blades
 + Level 2.2 Dodging
 - Level 4.3 Stealth


You had one spell level left.
You didn't know any spells.
Your spell library was empty.

Dungeon Overview and Level Annotations

Branches:
Dungeon (6/15)
 Temple: D:4-7

Altars:


Innate Abilities, Weirdness & Mutations

You are immune to sickness and miasma.
You are immune to poison.
Your flesh is very heat resistant. (rF++)
You are vulnerable to cold. (rC-)
You float through the air rather than walking.
You learn spells naturally, not from books.
Your magical power is your life essence.
You have superior vitality. (+4 HP)


Message History

You barely miss the endoplasm.
The endoplasm is moderately wounded.
The endoplasm freezes you.
You are frozen.
You feel a terrible chill!
You hit the endoplasm.
You kill the endoplasm!
You have reached level 2!
You start resting.
An orc comes into view. It is wielding a +0 short sword.
The orc shouts!
The orc throws a stone.
The stone closely misses you.
You hit the orc.
The orc is moderately wounded.
The orc hits you with a +0 short sword.
You hit the orc.
The orc is heavily wounded.
The orc hits you with a +0 short sword.
You hit the orc.
You kill the orc!
No target in view!
No target in view!
h - a lumpy ruby potion You now have 23 gold pieces (gained 10).
Items here: ( ) [ †.
i - 16 stones You start resting.
HP restored.
A white imp comes into view.
A black bear comes into view.
The white imp shouts!
The black bear growls angrily.
The white imp hits you. The white imp freezes you.
You feel a terrible chill!
You closely miss the white imp. The white imp hits you.
The white imp freezes you.
You feel a terrible chill!
* * * LOW HITPOINT WARNING * * *
As you read the scroll of fear, it crumbles to dust.
You assume a fearsome visage.
The white imp is unaffected.
The black bear looks frightened!
The white imp hits you.
* * * LOW HITPOINT WARNING * * *
The white imp freezes you!
You feel a terrible chill!
You die...

#.# .# #.# ##.#.
#.# ..... #.#
...... #.##......
#########.........
#.†....)...#
#.########.# #.#
#@# #.# #.5......
#.# #.####... #.#
... #.### ..#
#...# #..# ###†#
#.h# #.# #..# #.#


You could see a black bear (fleeing) and a white imp.

Vanquished Creatures
  An orc (D:4)
  A ball python (D:4)
  An endoplasm (D:4)
  3 jackals (D:4)
6 creatures vanquished.

Notes
Turn   | Place    | Note
-------+----------+-------------------------------------------
     0 | D:5      | Gunterle the Djinni Delver began the quest for the Orb.
     0 | D:5      | Reached XP level 1. HP: 20/20 MP: 0/0
   271 | D:4      | Reached XP level 2. HP: 15/25 MP: 0/0
   458 | D:4      | Noticed a black bear
   460 | D:4      | Slain by a white imp

Illustrated notes

Levels and vault maps discovered:
D:4:      layout_loops_ring, mainiacjoe_overflow_surrounded_room, uniq_sigmund
D:5:      layout_cave_pods, grunt_gozag_statues, lemuel_crystal_altar,
          mainiacjoe_overflow_alcove_1, minmay_temple_entry_ruins, serial_shops,
          nicolae_inconvenience_store, solitary_fountain
D:6:      layout_basic, lightli_ossuary_entry_decrepit_ruins, minmay_ruffians

Action                   || total
-------------------------++-------
Melee: Short sword       ||    32
  Use: Scroll            ||     1
Armor: Leather armour    ||     7
Dodge: Dodged            ||    17
